 Dungeon Crawl Stone Soup version 0.30.0-29-ga12c61a403 (webtiles) character file.

Game seed: 17733012455500423032

1075 javelincjr the Caller (level 8, -4/63 HPs)
             Began as a Gnoll Summoner on June 7, 2023.
             Was an Initiate of Ashenzari.
             Succumbed to a water moccasin's poison
             ... on level 5 of the Dungeon.
             The game lasted 00:23:18 (4555 turns).

javelincjr the Caller (Gnoll Summoner)              Turns: 4555, Time: 00:23:19

Health: -4/63      AC:  9    Str: 14    XL:     8   Next: 29%
Magic:  19/26      EV: 14    Int: 16    God:    Ashenzari [......]
Gold:   278        SH:  0    Dex: 13    Spells: 4/19 levels left

rFire   . . .        w - +2 flail (protect)
rCold   x . .        (no shield)
rNeg    . . .        a - +0 robe
rPois   .            (no helmet)
rElec   .            (no cloak)
rCorr   .            (no gloves)
SInv    .            (no boots)
Will    .....        A - amulet of the acrobat
Stlth   +++          n - ring "Circumscribed Gnosis" {Str+6, Cun, Comp} (curse)
HPRegen 0.30/turn    t - ring of magical power
MPRegen 0.20/turn

%: acrobat, clarity
@: lethally poisoned (-4 -> -35), under a protective aura
A: fangs 1, strong nose, distributed training, clarity, sense surroundings 1,
robust 1, cold vulnerability 1
a: Renounce Religion, Curse Item, Shatter the Chains


You were on level 5 of the Dungeon.
You worshipped Ashenzari.
Ashenzari was noncommittal.
You visited 1 branch of the dungeon, and saw 5 of its levels.

You collected 278 gold pieces.

Inventory:

Hand Weapons
 d - a +0 dagger
 e - a +0 war axe
 w - a +2 flail of protection (weapon)
Missiles
 c - 30 stones
Armour
 a - a +0 robe (worn)
 q - a +2 ring mail of cold resistance
Jewellery
 m - the Hermit's Pendant {Faith Invo=14 Evo=0 MP+5}
   (You found it on level 2 of the Dungeon)

   [amulet of faith]

   Invo=14: It sets your Invocations skill to 14.
   Evo=0: It sets your Evocations skill to 0.
   It allows you to gain divine favour quickly.
   MP:        It affects your magic capacity (+5).
 n - the cursed ring "Circumscribed Gnosis" (left hand) {Str+6, Cun, Comp}
   (You found it on level 2 of the Dungeon)

   [ring of strength]

   Str:       It affects your strength (+6).
   It has a curse which improves the following skills: Cunning: Dodging and
   Stealth.
   Companions: Summonings and Necromancy.
 o - an amulet of faith
 t - a ring of magical power (right hand)
 A - an amulet of the acrobat (around neck)
Wands
 u - a wand of iceblast (3)
Scrolls
 g - a scroll of torment {unknown}
 i - 8 scrolls of teleportation {unknown}
 j - 4 scrolls of identify {unknown}
 k - a scroll of vulnerability {unknown}
 l - a scroll of amnesia {unknown}
 s - a scroll of fear {unknown}
 y - a scroll of immolation {unknown}
 z - a scroll of poison {unknown}
 C - a scroll of enchant armour {unknown}
Potions
 b - 3 potions of magic
 f - 2 potions of mutation
 h - 4 potions of curing {unknown}
 p - 2 potions of might {unknown}
 r - a potion of flight {unknown}
 v - a potion of brilliance {unknown}
 x - a potion of attraction {unknown}
 B - a potion of degeneration {unknown}


   Skills:
 + Level 3.2 Fighting
 + Level 3.2 Short Blades
 + Level 3.2 Long Blades
 + Level 3.2 Axes
 + Level 3.2 Maces & Flails
 + Level 3.2 Polearms
 + Level 3.2 Staves
 + Level 3.2 Ranged Weapons
 + Level 3.2 Throwing
 + Level 3.2 Armour
 + Level 5.7(6.1) Dodging
 + Level 5.3(5.7) Stealth
 + Level 3.2 Shields
 + Level 3.2 Unarmed Combat
 + Level 6.0 Spellcasting
 + Level 2.6 Conjurations
 + Level 2.6 Hexes
 + Level 7.6(8.0) Summonings
 + Level 2.6(3.0) Necromancy
 + Level 2.6 Translocations
 + Level 2.6 Transmutations
 + Level 2.6 Fire Magic
 + Level 2.6 Ice Magic
 + Level 2.6 Air Magic
 + Level 2.6 Earth Magic
 + Level 2.6 Poison Magic
 + Level 3.6 Invocations
 + Level 3.2 Evocations


You had 4 spell levels left.
You knew the following spells:

 Your Spells              Type           Power      Damage    Failure   Level
a - Summon Small Mammal   Summ           100%       N/A       1%          1
b - Call Imp              Summ           60%        N/A       1%          2
c - Call Canine Familiar  Summ           30%        N/A       1%          3
d - Blink                 Tloc           26%        N/A       7%          2
e - Summon Guardian Gole  Hex/Summ       22%        N/A       4%          3
f - Summon Lightning Spi  Summ/Air       22%        N/A       16%         4

Your spell library contained the following spells:

 Spells                   Type           Power      Damage    Failure   Level
 Beastly Appendage        Tmut           26%        N/A       4%          1
 Ensorcelled Hibernation  Hex/Ice        26%        N/A       7%          2
 Lesser Beckoning         Tloc           26%        N/A       7%          2
 Momentum Strike          Conj/Tloc      26%        3d8       7%          2
 Wereblood                Tmut           13%        N/A       7%          2
 Spider Form              Tmut/Pois      13%        N/A       14%         3
 Anguish                  Hex/Necr       7%         N/A       38%         4


Dungeon Overview and Level Annotations

Branches:
Dungeon (5/15)
 Temple: D:4-7

Altars:
Ashenzari
Qazlal
Zin


Innate Abilities, Weirdness & Mutations

You have very sharp teeth.
Your uncanny sense of smell can sniff out nearby items.
Your experience applies equally to all skills.
You possess an exceptional clarity of mind.
You passively map a small area around you.
You are robust. (+10% HP)
You are vulnerable to cold. (rC-)


Message History

You barely miss the water moccasin.
The water moccasin is lightly wounded.
Your hound completely misses the adder.
The water moccasin bites you.
You are poisoned.
The water moccasin poisons you! The adder closely misses your hound.
Your cerulean imp hits the water moccasin from afar with a -1 spear.
Your hound bites the adder.
The water moccasin bites you.
You are more poisoned.
The water moccasin poisons you!
You hit the water moccasin but do no damage.
The water moccasin is lightly wounded.
You feel extremely sick.
Your hound misses the adder.
The adder bites your hound but does no damage.
The water moccasin bites you!
You are more poisoned.
The water moccasin poisons you!
Your cerulean imp hits the water moccasin from afar with a -1 spear.
The adder closely misses your hound.
Your hound bites the adder.
The water moccasin bites you.
You are more poisoned.
The water moccasin poisons you!
You swap places.
* * * LOW HITPOINT WARNING * * *
You feel extremely sick.
Your hound barely misses the adder.
The adder bites your guardian golem but does no damage.
Your cerulean imp hits the water moccasin with a -1 spear.
You see here an iguana corpse.
* * * LOW HITPOINT WARNING * * *
You feel extremely sick.
Your hound completely misses the adder.
The adder bites your guardian golem.
The water moccasin bites your guardian golem but does no damage.
Your hound bites the adder.
Your cerulean imp barely misses the water moccasin.
The adder bites your guardian golem but does no damage.
It was a potion of mutation.
You feel extremely strange.
Your thoughts seem clearer.
You feel robust.
You feel vulnerable to cold.
You feel a strange attunement to the structure of the dungeons.
You die...

#.....####....
#.###.# ###..
#.###.### #...
###### #.......#
#.#. ##.....##
###...###.###...
#.......###...###
#..####.
.........##.###
##.####.
......5S†##.#
#..##..
.....?.h9@..#
##.....
.......S.####
###... .........#
###. #.......## *
#. ......... * *
## .........** ,
.......>. * * ∆
....... ,


You could see a water moccasin (ally target), an adder (ally target), a friendly
guardian golem (summoned), a friendly hound (summoned, sheltered) and a friendly
cerulean imp (summoned, sheltered).

Vanquished Creatures
  Pikel (D:4)
  A lemure (D:4)
  A scorpion (D:5)
  3 iguanas (D:4)
  Terence (D:3)
  2 adders
  2 dart slugs
  5 orcs
  5 endoplasms
  5 giant cockroaches
  5 goblins
  5 hobgoblins
  9 kobolds
  2 quokkas
  5 ball pythons
  A bat (D:1)
  6 frilled lizards
  4 rats
63 creatures vanquished.

Vanquished Creatures (collateral kills)
  A black bear (D:4)
  An ogre (D:5)
  An orc priest (D:3)
  A jelly (D:5)
  An iguana (D:5)
  5 adders
  A white imp (D:5)
  A worm (D:2)
  A dart slug (D:2)
  6 orcs
  4 ball pythons
  4 endoplasms
  2 goblins
  A hobgoblin (D:1)
  8 jackals
  2 quokkas
  A rat (D:1)
41 creatures vanquished.

Vanquished Creatures (others)
  An iguana (D:5)
1 creature vanquished.

Grand Total: 105 creatures vanquished

Notes
Turn   | Place    | Note
-------+----------+-------------------------------------------
     0 | D:1      | javelincjr the Gnoll Summoner began the quest for the Orb.
     0 | D:1      | Reached XP level 1. HP: 13/13 MP: 6/6
   199 | D:1      | Reached XP level 2. HP: 19/19 MP: 7/7
   342 | D:1      | Reached skill level 5 in Spellcasting
   342 | D:1      | Reached XP level 3. HP: 15/25 MP: 6/9
   351 | D:1      | Learned a level 2 spell: Call Imp
   355 | D:1      | Learned a level 3 spell: Call Canine Familiar
   829 | D:2      | Reached skill level 1 in Invocations
   894 | D:2      | Reached skill level 1 in Fighting
   894 | D:2      | Reached skill level 1 in Short Blades
   894 | D:2      | Reached skill level 1 in Long Blades
   894 | D:2      | Reached skill level 1 in Axes
   894 | D:2      | Reached skill level 1 in Maces & Flails
   894 | D:2      | Reached skill level 1 in Polearms
   894 | D:2      | Reached skill level 1 in Staves
   894 | D:2      | Reached skill level 1 in Ranged Weapons
   894 | D:2      | Reached skill level 1 in Throwing
   894 | D:2      | Reached skill level 1 in Armour
   894 | D:2      | Reached skill level 1 in Shields
   894 | D:2      | Reached skill level 1 in Unarmed Combat
   894 | D:2      | Reached skill level 1 in Evocations
  1136 | D:2      | Found the Hermit's Pendant {Faith Invo=14 Evo=0 MP+5}
  1170 | D:2      | Reached XP level 4. HP: 30/32 MP: 4/11
  1171 | D:2      | Learned a level 2 spell: Blink
  1438 | D:2      | Found a stormy altar of Qazlal.
  1600 | D:3      | Noticed Terence
  1607 | D:3      | Killed Terence
  1608 | D:3      | Reached skill level 1 in Conjurations
  1608 | D:3      | Reached skill level 1 in Hexes
  1608 | D:3      | Reached skill level 1 in Necromancy
  1608 | D:3      | Reached skill level 1 in Translocations
  1608 | D:3      | Reached skill level 1 in Transmutations
  1608 | D:3      | Reached skill level 1 in Fire Magic
  1608 | D:3      | Reached skill level 1 in Ice Magic
  1608 | D:3      | Reached skill level 1 in Air Magic
  1608 | D:3      | Reached skill level 1 in Earth Magic
  1608 | D:3      | Reached skill level 1 in Poison Magic
  1892 | D:3      | Reached XP level 5. HP: 21/37 MP: 7/12
  2446 | D:3      | Found a faded altar of an unknown god.
  2830 | D:3      | Prayed at the altar of an unknown god.
  2830 | D:3      | Became a worshipper of Ashenzari the Shackled
  3084 | D:4      | Reached XP level 6. HP: 22/44 MP: 13/13
  3542 | D:4      | Reached skill level 5 in Dodging
  3700 | D:4      | Found a glowing silver altar of Zin.
  3700 | D:4      | Found a broken altar of Ashenzari.
  3876 | D:5      | Entered Level 5 of the Dungeon
  3876 | D:5      | Noticed Pikel
  3876 | D:5      | Noticed a black bear
  3961 | D:4      | Killed a black bear
  4083 | D:4      | Killed Pikel
  4084 | D:4      | Reached skill level 5 in Stealth
  4084 | D:4      | Reached XP level 7. HP: 27/51 MP: 3/15
  4256 | D:5      | Reached XP level 8. HP: 58/58 MP: 16/16
  4432 | D:5      | Learned a level 3 spell: Summon Guardian Golem
  4437 | D:5      | Learned a level 4 spell: Summon Lightning Spire
  4554 | D:5      | HP: 2/58 [poisoned by a water moccasin]
  4555 | D:5      | Gained mutation: You possess an exceptional clarity of
                  | mind. [potion of mutation]
  4555 | D:5      | Gained mutation: You are robust. (+10% HP) [potion of
                  | mutation]
  4555 | D:5      | Gained mutation: You are vulnerable to cold. (rC-) [potion
                  | of mutation]
  4555 | D:5      | Gained mutation: You passively map a small area around you.
                  | [potion of mutation]
  4555 | D:5      | Succumbed to a water moccasin's poison

Illustrated notes

Levels and vault maps discovered:
D:1:      kilobyte_arrival_exit_the_forest, layout_rooms, st_stairs_10
D:2:      layout_rooms, basic_altar, minivault_23
D:3:      layout_basic, shapermc_ecumenical_altar_ellora, uniq_terence
D:4:      layout_layer_cave, amethyst_overflow_temple_binary,
          minmay_joined_circles
D:5:      layout_rooms, uniq_pikel, uniq_grinder

Skill      XL: |  1  2  3  4  5  6  7  8 |
---------------+-------------------------+-----
Spellcasting   | 5 6 |  6.0
Invocations    | 1 2 3 |  3.6
Fighting       | 1 2 3 |  3.2
Short Blades   | 1 2 3 |  3.2
Long Blades    | 1 2 3 |  3.2
Axes           | 1 2 3 |  3.2
Maces & Flails | 1 2 3 |  3.2
Polearms       | 1 2 3 |  3.2
Staves         | 1 2 3 |  3.2
Ranged Weapons | 1 2 3 |  3.2
Throwing       | 1 2 3 |  3.2
Armour         | 1 2 3 |  3.2
Shields        | 1 2 3 |  3.2
Unarmed Combat | 1 2 3 |  3.2
Evocations     | 1 2 3 |  3.2
Conjurations   | 1 2 |  2.6
Hexes          | 1 2 |  2.6
Necromancy     | 1 2 |  2.6
Translocations | 1 2 |  2.6
Transmutations | 1 2 |  2.6
Fire Magic     | 1 2 |  2.6
Ice Magic      | 1 2 |  2.6
Air Magic      | 1 2 |  2.6
Earth Magic    | 1 2 |  2.6
Poison Magic   | 1 2 |  2.6
Dodging        | 5 |  5.7
Stealth        | 5 |  5.3
Summonings     | |  7.6

Action                     |  1- 3 |  4- 6 |  7- 9 || total
---------------------------+-------+-------+-------++-------
  Melee: Unarmed           |    13 |       |       ||    13
         Dagger            |     8 |       |       ||     8
         War axe           |    50 |    60 |       ||   110
         Bite              |     6 |    10 |     2 ||    18
         Flail             |       |    54 |    21 ||    75
   Cast: Summon Small Mamm |     7 |    13 |       ||    20
         Call Imp          |     4 |    19 |     3 ||    26
         Call Canine Famil |     4 |    13 |     5 ||    22
         Blink             |       |     2 |       ||     2
         Summon Guardian G |       |       |     3 ||     3
 Invoke: Curse Item        |       |     1 |       ||     1
    Use: Potion            |       |       |     1 ||     1
   Stab: Distracted        |     2 |     2 |     1 ||     5
         Sleeping          |     1 |     8 |       ||     9
 Armour: Robe              |    16 |    22 |     3 ||    41
  Dodge: Dodged            |    61 |    76 |    16 ||   153
